 Dungeon Crawl Stone Soup version 0.27.0-1-g7a089689b8 (webtiles) character file.

Game seed: 5624208020054420005

394 EnegeticOcto the Chopper (level 6, -1/56 HPs)
             Began as a Minotaur Fighter on Aug 8, 2021.
             Slain by Pikel (5 damage)
             ... on level 4 of the Dungeon.
             The game lasted 00:00:56 (2377 turns).

EnegeticOcto the Chopper (Minotaur Fighter)         Turns: 2377, Time: 00:00:57

Health: -1/56      AC:  8    Str: 23    XL:     6   Next: 52%
Magic:  5/5        EV:  7    Int:  5    God:
Gold:   60         SH: 10    Dex:  9    Spells: 5/5 levels left

rFire    . . .     SeeInvis .   a - +0 war axe
rCold    . . .     Faith    .   c - +0 kite shield
rNeg     . . .     Spirit   .   b - +0 scale mail
rPois    .         Reflect  .   l - +1 hat
rElec    .         Harm     .   (no cloak)
rCorr    .         Rampage  .   (no gloves)
Will     .....                  (no boots)
Stlth    ..........             (no amulet)
HPRegen  0.18/turn              (no ring)
MPRegen  0.09/turn              (no ring)

@: no status effects
A: horns 2, retaliatory headbutt
a: no special abilities


You were on level 4 of the Dungeon.
You visited 1 branch of the dungeon, and saw 6 of its levels.

You collected 60 gold pieces.

Inventory:

Hand Weapons
 a - a +0 war axe (weapon)
Armour
 b - a +0 scale mail (worn)
 c - a +0 kite shield (worn)
 l - a +1 hat (worn)
Jewellery
 j - a ring of see invisible
Scrolls
 f - 2 scrolls of vulnerability {unknown}
 h - a scroll of fog {unknown}
 k - 3 scrolls of teleportation {unknown}
 m - 3 scrolls of identify {unknown}
 n - a scroll of torment {unknown}
Potions
 d - 3 potions of might {@q3}
 e - a potion of haste {unknown}
 g - 2 potions of lignification {unknown}
 i - 3 potions of resistance {unknown}
 o - a potion of attraction {unknown}


   Skills:
 + Level 5.1 Fighting
 * Level 5.6 Axes
 + Level 5.2 Armour
 + Level 5.1 Shields


You had 5 spell levels left.
You didn't know any spells.
Your spell library was empty.

Dungeon Overview and Level Annotations

Branches:
Dungeon (6/15)
 Temple: D:4-7

Altars:
Sif Muna

Annotations:
D:4 Pikel


Innate Abilities, Weirdness & Mutations

You have a pair of horns on your head.
You reflexively headbutt those who attack you in melee.


Message History

You furiously retaliate!
You headbutt the adder skeleton!
You destroy the adder skeleton!
Found a whip.
You now have 60 gold pieces (gained 8).
Found a stone staircase leading down.
There is a stone staircase leading down here.
You see here a +0 whip.
Found a book of Air.
Found a whip.
Found a rapier.
No target in view!
No target in view!
No target in view!
No target in view!
No target in view!
No target in view!
No target in view!
No target in view!
No target in view!
No target in view!
No target in view!
No target in view!
No target in view!
No target in view!
No target in view!
Found a stone staircase leading down.
There is a stone staircase leading down here.
An orc comes into view. It is wielding a +0 falchion.
The orc shouts!
You hear a shout! x3; You hear an angry hiss.
You hear a shout!
A lemure comes into view.
An orc comes into view. It is wielding a +0 dagger.
There are monsters nearby!
There are monsters nearby!
There are monsters nearby!
An orc and Pikel come into view.
Pikel is wielding a +2 whip of flaming.
The orc shouts! x2; You hear a shout!
The orc moves out of view.
You hear an angry growl. 3 lemures come into view.
The lemure shouts! x3
The orc hits you with a +0 falchion.
You closely miss Pikel. You hit the orc. You hit the orc but do no damage.
Pikel hits you with a +2 whip of flaming!
Pikel burns you. The orc hits you with a +0 falchion.
The orc closely misses you. You furiously retaliate!
You headbutt the orc, but do no damage. Pikel closely misses you.
You hit the orc.
You kill the orc!
You hit Pikel but do no damage. You barely miss the orc.
Pikel hits you with a +2 whip of flaming.
Pikel burns you.
You barely miss Pikel. Your headbutt misses Pikel. You closely miss the orc.
You hit the orc but do no damage. Pikel hits you but does no damage.
The orc hits you but does no damage. The orc hits you with a +0 dagger.
Pikel barely misses you. You block the orc's attack.
The orc hits you but does no damage.
You slash Pikel! Your headbutt misses Pikel.
Pikel is moderately wounded.
You slash the orc!
You kill the orc!
You closely miss the orc. You block Pikel's attack.
The orc hits you but does no damage.
You hit Pikel.
Pikel is moderately wounded.
You completely miss the orc.
Pikel hits you with a +2 whip of flaming.
Pikel burns you. The orc hits you but does no damage. Pikel barely misses you.
You hit Pikel. Your headbutt misses Pikel.
Pikel is heavily wounded.
You hit the orc. You block the orc's attack.
Pikel hits you with a +2 whip of flaming!
Pikel burns you.
* * * LOW HITPOINT WARNING * * *
The orc barely misses you.
You are too injured to fight recklessly!
You are too injured to fight recklessly!
You are too injured to fight recklessly!
You are too injured to fight recklessly!
You are too injured to fight recklessly!
You are too injured to fight recklessly!
You are too injured to fight recklessly!
You are too injured to fight recklessly!
You are too injured to fight recklessly!
You are too injured to fight recklessly!
You are too injured to fight recklessly!
You are too injured to fight recklessly!
You are too injured to fight recklessly!
You are too injured to fight recklessly!
You are too injured to fight recklessly!
You hit Pikel.
Pikel is heavily wounded.
You hit the orc but do no damage. You block Pikel's attack.
The orc closely misses you. You furiously retaliate!
You headbutt the orc.
You kill the orc!
You closely miss Pikel.
Pikel is heavily wounded.
Pikel hits you with a +2 whip of flaming!
* * * LOW HITPOINT WARNING * * *
Pikel burns you.
You die...

#... #.. ##.# #.. #.#
#.. #.# #.. #.# ##55
#.# .55 #.#
#K###############.#
#)@.....>.........#
#...)###############.#
#..... #.. .......
###.. ##..... #....
##.... #.##. ##...
#.##. #.## ### #.##.
##.## #.##.


You could see Pikel and 4 lemures.

Vanquished Creatures
  Sigmund (D:3)
  A phantom (D:5)
  A water moccasin skeleton (D:5)
  A hound (D:4)
  3 adders
  An adder skeleton (D:4)
  A worm (D:3)
  2 dart slugs
  3 orcs (D:4)
  2 ball pythons
  6 endoplasms
  3 giant cockroaches (D:1)
  4 goblins
  A hobgoblin (D:2)
  6 jackals
  5 kobolds
  2 quokkas (D:3)
  2 frilled lizards (D:2)
  3 rats
48 creatures vanquished.

Notes
Turn   | Place    | Note
-------+----------+-------------------------------------------
     0 | D:1      | EnegeticOcto the Minotaur Fighter began the quest for the
                  | Orb.
     0 | D:1      | Reached XP level 1. HP: 19/19 MP: 0/0
   211 | D:1      | Reached XP level 2. HP: 27/27 MP: 1/1
   366 | D:1      | You fall into a shaft and drop 1 floor!
   752 | D:2      | Reached XP level 3. HP: 33/33 MP: 2/2
  1404 | D:3      | Noticed Sigmund
  1411 | D:3      | Killed Sigmund
  1412 | D:3      | Reached XP level 4. HP: 14/41 MP: 3/3
  1412 | D:3      | Reached XP level 5. HP: 17/47 MP: 4/4
  1679 | D:3      | Found a faded altar of an unknown god.
  1812 | D:3      | Found a shimmering blue altar of Sif Muna.
  1963 | D:3      | You fall into a shaft and drop 3 floors!
  1966 | D:6      | Reached skill level 5 in Axes
  1970 | D:5      | Entered Level 5 of the Dungeon
  1970 | D:5      | Noticed a phantom
  1976 | D:5      | Killed a phantom
  1977 | D:5      | Reached skill level 5 in Armour
  1977 | D:5      | Reached XP level 6. HP: 55/55 MP: 5/5
  1985 | D:5      | Reached skill level 5 in Fighting
  1985 | D:5      | Reached skill level 5 in Shields
  2368 | D:4      | Noticed Pikel
  2377 | D:4      | Slain by Pikel

Illustrated notes

Levels and vault maps discovered:
D:1:      dpeg_arrival_tiny_d, layout_loops_corners
D:2:      layout_loops_cross, serial_co_window_serial, co_window_paths_a,
          co_window_corner_a, co_window_paths_a, co_window_cross_1,
          co_window_corner_a, co_window_corner_a, co_window_paths_b,
          co_window_of_opportunity_b, co_window_broadway_a, co_window_2corner,
          co_window_unsneaky_path_e, co_window_broadway_a,
          co_window_of_opportunity_c, co_window_4corner_b
D:3:      layout_rooms, marbit_many_paths,
          hellmonk_ecumenical_altar_inner_sanctum, uniq_sigmund
D:4:      layout_loops_ring, mainiacjoe_overflow_alcove_4, lemuel_flame_loot_1,
          uniq_pikel
D:5:      cheibrodos_thug_alley, layout_loops_corners, lightli_temple_of_fire,
          minmay_temple_entry_poolview, ebering_dispersal_statue_hall,
          serial_park_tiny_1
D:6:      kennysheep_spiral_hall, layout_basic

Skill      XL: |  1  2  3  4  5  6 |
---------------+-------------------+-----
Axes           | 3 4 5 |  5.6
Armour         | 4 5 |  5.2
Fighting       | 4 5 |  5.1
Shields        | 4 5 |  5.1

Action                   |  1- 3 |  4- 6 || total
-------------------------+-------+-------++-------
Melee: War axe           |    57 |    53 ||   110
       Headbutt          |     6 |     7 ||    13
Armor: Scale mail        |    31 |    25 ||    56
Dodge: Dodged            |    14 |    22 ||    36
Block: Kite shield       |    22 |    33 ||    55
